Flyers vs Bruins
Created - 11 janvier 2015 at 21:43
Goals
|
| Flyers |
0 |
0 |
2 |
0 |
0 |
2 |
| Bruins |
0 |
1 |
1 |
0 |
1 |
3 |
|
Shots
|
| Flyers |
6 |
10 |
12 |
1 |
3 |
29 |
| Bruins |
8 |
13 |
11 |
0 |
2 |
32 |
|
1st period
No Goal
Penalties :
Andrew Alberts (Bos) for Tripping (Minor) at 12:32, Antti Niemi (Phi) for Slashing (Minor) at 16:29 - Jeff O'Neill served the penalty
2nd period
1. Bruins , Ryan O'Byrne 4 (Sydney Crosby, Scottie Upshall) at 18:57
Penalties :
No Penalty
3rd period
2. Bruins , Wojtek Wolski 24 (Eric Lindros) at 2:42
3. Flyers , Ryane Clowe 16 (Paul Gaustad, Stephane Robidas) at 9:37
4. Flyers , Stephane Robidas 3 (Paul Gaustad, Antti Niemi) at 16:46 (PP)
Penalties :
Jeff Carter (Phi) for Slashing (Minor) at 12:18, Vitali Yachmenev (Bos) for Interference (Minor) at 16:12
Overtime #1
No Goal
Penalties :
No Penalty
Shootout
Penalty Shot by Jeff Carter for Flyers - Stopped by Evgeni Nabokov
Penalty Shot by Wojtek Wolski for Bruins - Goal!
Penalty Shot by Martin St. Louis for Flyers - Shot Misses the Net
Penalty Shot by Eric Lindros for Bruins - Shot Misses the Net
Penalty Shot by Jeff O'Neill for Flyers - Stopped by Evgeni Nabokov
Penalties :
No Penalty
Goalie Stats
Antti Niemi (Phi), 30 saves from 32 shots - (0,938), OTL, 20-11-7, 65:00 minutes
Evgeni Nabokov (Bos), 27 saves from 29 shots - (0,931), W, 14-20-3, 65:00 minutes
Players Stats for Flyers
Player Name G A P +/- PIM S H SB GA TA FO MP PP MP PK MP
------------------------------------------------------------------------------------
Eric Brewer 0 0 0 -1 0 1 2 1 0 0 0/0 27:24 0:35 2:18
Jeff Carter 0 0 0 -2 2 4 1 0 0 0 16/27 22:04 1:16 0:42
Jeff O'Neill 0 0 0 0 0 0 1 0 0 0 1/5 14:15 0:00 0:48
Jonathan Ericsson 0 0 0 1 0 2 1 1 0 0 0/0 25:04 1:58 2:09
Ladislav Smid 0 0 0 -1 0 1 1 1 0 1 0/0 22:56 0:00 1:49
Marcel Hossa 0 0 0 0 0 0 1 0 0 1 0/0 15:12 0:00 1:27
Martin St. Louis 0 0 0 -2 0 5 2 1 0 1 1/3 20:46 1:16 0:00
Matthew Lombardi 0 0 0 0 0 1 1 1 0 0 3/6 10:13 0:00 1:51
Michael Ryder 0 0 0 0 0 2 0 0 1 0 0/0 11:53 0:00 0:00
Miroslav Satan 0 0 0 1 0 2 2 1 1 0 0/0 17:51 1:17 0:00
Pascal Dupuis 0 0 0 0 0 1 1 0 1 0 0/0 10:06 0:00 1:51
Paul Gaustad 0 2 2 1 0 0 5 1 2 0 6/13 19:31 1:17 0:37
Petr Schastlivy 0 0 0 0 0 2 3 0 0 0 0/0 8:08 0:00 0:00
Ryane Clowe 1 0 1 1 0 2 1 0 1 0 0/0 16:52 1:17 0:00
Scott Hannan 0 0 0 -1 0 0 1 0 0 0 0/0 12:34 0:00 0:02
Scott Hartnell 0 0 0 -2 0 2 0 0 0 0 0/2 19:10 1:16 0:40
Stephane Robidas 1 1 2 1 0 3 2 2 2 0 0/0 24:57 1:58 0:00
Trevor Daley 0 0 0 -1 0 1 1 3 0 1 0/0 17:05 0:35 1:38
Players Stats for Bruins
Player Name G A P +/- PIM S H SB GA TA FO MP PP MP PK MP
------------------------------------------------------------------------------------
Andrei Markov 0 0 0 0 0 2 0 3 0 1 0/0 23:33 1:45 0:46
Andrew Alberts 0 0 0 1 2 0 4 0 1 2 0/0 28:21 2:13 0:34
Blair Betts 0 0 0 0 0 1 1 0 0 0 0/1 5:16 0:00 0:14
Christoph Schubert 0 0 0 0 0 0 0 1 0 0 0/0 12:13 0:00 0:28
Dainius Zubrus 0 0 0 -1 0 0 2 0 0 0 0/0 15:06 0:00 0:19
Eric Lindros 0 1 1 1 0 1 1 2 0 1 13/26 23:40 2:05 1:34
Jason Demers 0 0 0 0 0 0 1 0 0 0 0/0 11:45 0:00 0:00
Mark Stuart 0 0 0 0 0 3 1 0 0 2 0/0 23:05 1:45 0:36
Matt Cooke 0 0 0 -1 0 0 3 1 0 0 0/0 16:03 0:03 0:33
Matt Hendricks 0 0 0 -1 0 2 0 0 0 1 3/7 12:25 0:00 0:00
Ryan O'Byrne 1 0 1 1 0 2 4 1 0 0 0/0 25:08 2:13 1:47
Scottie Upshall 0 1 1 1 0 5 5 0 0 0 0/0 21:11 1:53 0:26
Sydney Crosby 0 1 1 1 0 4 1 2 1 0 10/14 21:11 1:53 0:26
Tom Gilbert 0 0 0 0 0 0 0 0 0 0 0/0 5:55 0:00 0:55
Victor Oreskovich 0 0 0 1 0 1 2 0 1 0 1/2 19:44 1:53 0:00
Viktor Stalberg 0 0 0 0 0 3 1 0 1 0 0/0 7:06 0:00 0:00
Vitali Yachmenev 0 0 0 1 2 2 0 0 0 0 0/0 19:51 2:02 0:00
Wojtek Wolski 1 0 1 1 0 6 3 0 0 1 2/6 25:52 2:05 1:34
3 Stars
1 - Stephane Robidas (Phi)
2 - Paul Gaustad (Phi)
3 - Ryan O'Byrne (Bos)
Power Play
Flyers - 1 on 2 Attempt(s) - 50,00%
Bruins - 0 on 2 Attempt(s) - 0,00%
Penalty Kill
Flyers - 2 on 2 Attempt(s) - 100,00%
- Score 0 goal in Penalty Kill
Bruins - 1 on 2 Attempt(s) - 50,00%
- Score 0 goal in Penalty Kill
Official
Referees : Martell Rob and VanMassenhoven Don
Linesman : Bryan Pancich and Brad Kovachik
Game Notes
No Game Note
Finance
Level 1 -- Attendance: 4628 (77,13%) -- Ticket Income 458 172 $
Level 2 -- Attendance: 3334 (66,68%) -- Ticket Income 196 706 $
Level 3 -- Attendance: 1801 (90,05%) -- Ticket Income 52 229 $
Level 4 -- Attendance: 3983 (99,58%) -- Ticket Income 75 677 $
Luxury Box -- Attendance: 731 (73,10%) -- Ticket Income 138 159 $
Game was played at the TD Banknorth Garden
Total Attendance: 14477 (80,43%)
Total Ticket Income: 920 943 $
Other Income: 138 141 $
Total Income: 1 059 084 $
Flyers
5 vs 5 Forward
Center Left Wing Right Wing Time % Phy DF OF
1 Jeff Carter Scott Hartnell Martin St. Louis 40 1 2 2
2 Paul Gaustad Ryane Clowe Miroslav Satan 30 1 2 2
3 Jeff O'Neill Marcel Hossa Michael Ryder 20 1 2 2
4 Matthew Lombardi Petr Schastlivy Pascal Dupuis 10 1 2 2
5 vs 5 Defense
Defense Defense Time % Phy DF OF
1 Stephane Robidas Jonathan Ericsson 35 1 2 2
2 Eric Brewer Ladislav Smid 35 1 2 2
3 Trevor Daley Scott Hannan 20 1 2 2
4 Stephane Robidas Eric Brewer 10 1 2 2
PowerPlay Forward
Center Left Wing Right Wing Time % Phy DF OF
1 Jeff Carter Scott Hartnell Martin St. Louis 60 1 2 2
2 Paul Gaustad Ryane Clowe Miroslav Satan 40 1 2 2
PowerPlay Defense
Defense Defense Time % Phy DF OF
1 Stephane Robidas Jonathan Ericsson 60 1 2 2
2 Trevor Daley Eric Brewer 40 1 2 2
Penalty Kill 4 Players Forward
Center Wing Time % Phy DF OF
1 Matthew Lombardi Pascal Dupuis 60 1 2 2
2 Jeff O'Neill Scott Hartnell 40 1 2 2
Penalty Kill 4 Players Defense
Defense Defense Time % Phy DF OF
1 Trevor Daley Jonathan Ericsson 60 1 2 2
2 Ladislav Smid Eric Brewer 40 1 2 2
Penalty Kill - 3 Players Forward
Forward Time % Phy DF OF
1 Matthew Lombardi 60 1 2 2
2 Jeff O'Neill 40 1 2 2
Penalty Kill - 3 Players Defense
Defense Defense Time % Phy DF OF
1 Trevor Daley Jonathan Ericsson 60 1 2 2
2 Ladislav Smid Eric Brewer 40 1 2 2
4 vs 4 Forward
Center Wing Time % Phy DF OF
1 Martin St. Louis Jeff Carter 60 1 2 2
2 Paul Gaustad Miroslav Satan 40 1 2 2
4 vs 4 Defense
Defense Defense Time % Phy DF OF
1 Stephane Robidas Jonathan Ericsson 60 1 2 2
2 Trevor Daley Eric Brewer 40 1 2 2
Last Minutes Offensive
Center Left Wing Right Wing Defense Defense
Jeff Carter Scott Hartnell Martin St. Louis Stephane Robidas Eric Brewer
Last Minutes Defensive
Center Left Wing Right Wing Defense Defense
Martin St. Louis Matthew Lombardi Pascal Dupuis Ladislav Smid Jonathan Ericsson
Goaltenders
Starting : Antti Niemi
Backup : Chris Mason
Extra Forwards
Normal : Jeff Carter, Paul Gaustad, Martin St. Louis - PP : Jeff Carter, Miroslav Satan - PK : Matthew Lombardi
Extra Defensemen
Normal : Stephane Robidas, Jonathan Ericsson, Eric Brewer - PP : Stephane Robidas - PK : Jonathan Ericsson, Ladislav Smid
Penalty Shots
Jeff Carter, Martin St. Louis, Jeff O'Neill, Miroslav Satan, Matthew Lombardi
Bruins
5 vs 5 Forward
Center Left Wing Right Wing Time % Phy DF OF
1 Eric Lindros Wojtek Wolski Vitali Yachmenev 40 1 2 2
2 Sydney Crosby Scottie Upshall Victor Oreskovich 30 1 2 2
3 Matt Hendricks Matt Cooke Dainius Zubrus 20 1 2 2
4 Blair Betts Viktor Stalberg Wojtek Wolski 10 1 2 2
5 vs 5 Defense
Defense Defense Time % Phy DF OF
1 Andrew Alberts Ryan O'Byrne 40 1 2 2
2 Andrei Markov Mark Stuart 30 1 2 2
3 Jason Demers Christoph Schubert 20 1 2 2
4 Tom Gilbert Andrew Alberts 10 1 2 2
PowerPlay Forward
Center Left Wing Right Wing Time % Phy DF OF
1 Eric Lindros Wojtek Wolski Vitali Yachmenev 60 1 2 2
2 Sydney Crosby Scottie Upshall Victor Oreskovich 40 1 2 2
PowerPlay Defense
Defense Defense Time % Phy DF OF
1 Andrew Alberts Ryan O'Byrne 60 1 2 2
2 Andrei Markov Mark Stuart 40 1 2 2
Penalty Kill 4 Players Forward
Center Wing Time % Phy DF OF
1 Wojtek Wolski Eric Lindros 60 1 2 2
2 Sydney Crosby Scottie Upshall 40 1 2 2
Penalty Kill 4 Players Defense
Defense Defense Time % Phy DF OF
1 Andrew Alberts Ryan O'Byrne 60 1 2 2
2 Andrei Markov Mark Stuart 40 1 2 2
Penalty Kill - 3 Players Forward
Forward Time % Phy DF OF
1 Wojtek Wolski 60 1 2 2
2 Eric Lindros 40 1 2 2
Penalty Kill - 3 Players Defense
Defense Defense Time % Phy DF OF
1 Andrew Alberts Ryan O'Byrne 60 1 2 2
2 Andrei Markov Mark Stuart 40 1 2 2
4 vs 4 Forward
Center Wing Time % Phy DF OF
1 Wojtek Wolski Eric Lindros 60 1 2 2
2 Sydney Crosby Scottie Upshall 40 1 2 2
4 vs 4 Defense
Defense Defense Time % Phy DF OF
1 Andrew Alberts Ryan O'Byrne 60 1 2 2
2 Andrei Markov Mark Stuart 40 1 2 2
Last Minutes Offensive
Center Left Wing Right Wing Defense Defense
Eric Lindros Wojtek Wolski Vitali Yachmenev Andrew Alberts Ryan O'Byrne
Last Minutes Defensive
Center Left Wing Right Wing Defense Defense
Eric Lindros Wojtek Wolski Vitali Yachmenev Andrew Alberts Ryan O'Byrne
Goaltenders
Starting : Evgeni Nabokov
Backup : Karri Ramo
Extra Forwards
Normal : Matt Cooke, Viktor Stalberg, Dainius Zubrus - PP : Matt Cooke, Viktor Stalberg - PK : Dainius Zubrus
Extra Defensemen
Normal : Jason Demers, Christoph Schubert, Tom Gilbert - PP : Jason Demers - PK : Christoph Schubert, Tom Gilbert
Penalty Shots
Wojtek Wolski, Eric Lindros, Sydney Crosby, Scottie Upshall, Matt Cooke
% Time on Ice - Flyers
Lines # - Real PCT - Wanted PCT - Time Play
Normal Forward
1 - 34% - 40% - 17:59
2 - 30% - 30% - 16:00
3 - 21% - 20% - 11:23
4 - 15% - 10% - 8:07
Normal Defense
1 - 35% - 35% - 18:57
2 - 35% - 35% - 18:42
3 - 23% - 20% - 12:08
4 - 7% - 10% - 3:42
PP Forward
1 - 50% - 60% - 1:16
2 - 50% - 40% - 1:17
PP Defense
1 - 77% - 60% - 1:58
2 - 23% - 40% - 0:35
PK Forward
1 - 83% - 60% - 3:18
2 - 17% - 40% - 0:40
PK Defense
1 - 58% - 60% - 2:17
2 - 42% - 40% - 1:41
PK3 Forward
1 - 0% - 60%
2 - 0% - 40%
PK3 Defense
1 - 0% - 60%
2 - 0% - 40%
44 Forward
1 - 80% - 60% - 4:01
2 - 20% - 40% - 0:59
44 Defense
1 - 56% - 60% - 2:48
2 - 44% - 40% - 2:12
Last Minute Offensive - 0:00
Last Minute Defensive - 0:00
Total
Forward - 65:00
Defense - 65:00
|
% Time on Ice - Bruins
Lines # - Real PCT - Wanted PCT - Time Play
Normal Forward
1 - 35% - 40% - 18:48
2 - 33% - 30% - 17:40
3 - 23% - 20% - 12:25
4 - 9% - 10% - 4:36
Normal Defense
1 - 36% - 40% - 19:05
2 - 35% - 30% - 18:42
3 - 21% - 20% - 11:08
4 - 9% - 10% - 4:34
PP Forward
1 - 53% - 60% - 2:05
2 - 47% - 40% - 1:53
PP Defense
1 - 56% - 60% - 2:13
2 - 44% - 40% - 1:45
PK Forward
1 - 83% - 60% - 2:07
2 - 17% - 40% - 0:26
PK Defense
1 - 76% - 60% - 1:57
2 - 24% - 40% - 0:36
PK3 Forward
1 - 0% - 60%
2 - 0% - 40%
PK3 Defense
1 - 0% - 60%
2 - 0% - 40%
44 Forward
1 - 76% - 60% - 3:48
2 - 24% - 40% - 1:12
44 Defense
1 - 59% - 60% - 2:58
2 - 41% - 40% - 2:02
Last Minute Offensive - 0:00
Last Minute Defensive - 0:00
Total
Forward - 65:00
Defense - 65:00
|
Play by Play
1st period
0:01 of 1st period - Jeff Carter wins face-off versus Wojtek Wolski in neutral zone.
0:11 of 1st period - Off-side.
0:12 of 1st period - Sydney Crosby wins face-off versus Paul Gaustad in neutral zone.
1:19 of 1st period - Trevor Daley is hit by Wojtek Wolski and loses puck.
1:30 of 1st period - Jason Demers is hit by Matthew Lombardi.
2:33 of 1st period - Matthew Lombardi is hit by Viktor Stalberg.
3:00 of 1st period - Matt Hendricks is hit by Miroslav Satan and loses puck.
3:20 of 1st period - Off-side.
3:21 of 1st period - Sydney Crosby wins face-off versus Jeff O'Neill in neutral zone.
3:33 of 1st period - Slapshot by Stephane Robidas.
3:33 of 1st period - Stopped by Evgeni Nabokov with a rebound.
3:39 of 1st period - Marcel Hossa is hit by Scottie Upshall and loses puck.
3:50 of 1st period - Snap shot by Sydney Crosby.
3:50 of 1st period - Stopped by Antti Niemi with a rebound.
3:52 of 1st period - Slapshot by Mark Stuart.
3:52 of 1st period - Stopped by Antti Niemi with a rebound.
3:54 of 1st period - Snap shot by Victor Oreskovich.
3:54 of 1st period - Shot Blocked by Jonathan Ericsson.
3:56 of 1st period - Wrist shot by Andrei Markov.
3:56 of 1st period - Stopped by Antti Niemi without a rebound.
3:57 of 1st period - Eric Lindros wins face-off versus Jeff Carter in Flyers zone.
4:22 of 1st period - Martin St. Louis is hit by Matt Cooke and loses puck.
5:33 of 1st period - Snap shot by Miroslav Satan.
5:33 of 1st period - Stopped by Evgeni Nabokov with a rebound.
6:16 of 1st period - Sydney Crosby is hit by Marcel Hossa and loses puck.
7:05 of 1st period - Slapshot by Stephane Robidas.
7:05 of 1st period - Shot Blocked by Sydney Crosby.
7:21 of 1st period - Mark Stuart is hit by Petr Schastlivy and loses puck.
8:29 of 1st period - Snap shot by Viktor Stalberg.
8:29 of 1st period - Stopped by Antti Niemi with a rebound.
8:31 of 1st period - Slapshot by Viktor Stalberg.
8:31 of 1st period - Shot Misses the Net.
8:47 of 1st period - Slapshot by Vitali Yachmenev.
8:47 of 1st period - Stopped by Antti Niemi with a rebound.
8:59 of 1st period - Matt Cooke is hit by Scott Hannan.
9:34 of 1st period - Michael Ryder is hit by Victor Oreskovich and loses puck.
9:56 of 1st period - Martin St. Louis is hit by Mark Stuart and loses puck.
11:37 of 1st period - Christoph Schubert is hit by Martin St. Louis and loses puck.
11:46 of 1st period - Scott Hartnell is hit by Dainius Zubrus and loses puck.
12:08 of 1st period - Slapshot by Dainius Zubrus.
12:08 of 1st period - Shot Misses the Net.
12:10 of 1st period - Wrist shot by Matt Hendricks.
12:10 of 1st period - Stopped by Antti Niemi without a rebound.
12:11 of 1st period - Paul Gaustad wins face-off versus Eric Lindros in Flyers zone.
12:11 of 1st period - Paul Gaustad is hit by Wojtek Wolski.
12:26 of 1st period - Snap shot by Paul Gaustad.
12:26 of 1st period - Shot Misses the Net.
12:32 of 1st period - Minor Penalty to Andrew Alberts for Tripping.
12:33 of 1st period - Jeff Carter wins face-off versus Wojtek Wolski in Bruins zone.
12:34 of 1st period - Slapshot by Scott Hartnell.
12:34 of 1st period - Shot Hit the Post.
12:42 of 1st period - Wojtek Wolski is hit by Stephane Robidas and loses puck.
12:59 of 1st period - Eric Lindros is hit by Ryane Clowe and loses puck.
14:17 of 1st period - Paul Gaustad is hit by Blair Betts and loses puck.
14:22 of 1st period - Wrist shot by Blair Betts.
14:22 of 1st period - Stopped by Antti Niemi with a rebound.
14:32 of 1st period - Penalty to Andrew Alberts is over, Andrew Alberts is back on ice.
15:00 of 1st period - Eric Brewer is hit by Matt Cooke and loses puck.
15:15 of 1st period - Petr Schastlivy is hit by Sydney Crosby and loses puck.
15:34 of 1st period - Snap shot by Pascal Dupuis.
15:34 of 1st period - Stopped by Evgeni Nabokov with a rebound.
15:36 of 1st period - Wrist shot by Petr Schastlivy.
15:36 of 1st period - Stopped by Evgeni Nabokov with a rebound.
15:38 of 1st period - Slapshot by Trevor Daley.
15:38 of 1st period - Stopped by Evgeni Nabokov without a rebound.
15:39 of 1st period - Jeff Carter wins face-off versus Eric Lindros in Bruins zone.
15:40 of 1st period - Snap shot by Scott Hartnell.
15:40 of 1st period - Stopped by Evgeni Nabokov with a rebound.
15:44 of 1st period - Snap shot by Jeff Carter.
15:44 of 1st period - Shot Misses the Net.
16:27 of 1st period - Snap shot by Matt Hendricks.
16:27 of 1st period - Shot Misses the Net.
16:29 of 1st period - Snap shot by Matt Hendricks.
16:29 of 1st period - Stopped by Antti Niemi without a rebound.
16:29 of 1st period - Minor Penalty to Antti Niemi for Slashing.
16:30 of 1st period - Matthew Lombardi wins face-off versus Eric Lindros in Flyers zone.
18:29 of 1st period - Penalty to Jeff O'Neill is over, Jeff O'Neill is back on ice.
18:45 of 1st period - Matt Cooke is hit by Paul Gaustad and loses puck.
19:20 of 1st period - Andrei Markov is hit by Paul Gaustad and loses puck.
Goals for this period are 0 for Flyers vs 0 for Bruins.
Shots for this period are 6 for Flyers vs 8 for Bruins.
2nd period
0:01 of 2nd period - Eric Lindros wins face-off versus Jeff Carter in neutral zone.
0:34 of 2nd period - Wrist shot by Scottie Upshall.
0:34 of 2nd period - Stopped by Antti Niemi without a rebound.
0:35 of 2nd period - Jeff Carter wins face-off versus Sydney Crosby in Flyers zone.
0:35 of 2nd period - Jeff Carter is hit by Scottie Upshall.
0:43 of 2nd period - Snap shot by Scottie Upshall.
0:43 of 2nd period - Stopped by Antti Niemi with a rebound.
0:45 of 2nd period - Wrist shot by Scottie Upshall.
0:45 of 2nd period - Stopped by Antti Niemi with a rebound.
1:01 of 2nd period - Vitali Yachmenev is hit by Paul Gaustad and loses puck.
1:46 of 2nd period - Snap shot by Scottie Upshall.
1:46 of 2nd period - Stopped by Antti Niemi with a rebound.
2:37 of 2nd period - Slapshot by Michael Ryder.
2:37 of 2nd period - Stopped by Evgeni Nabokov without a rebound.
2:38 of 2nd period - Eric Lindros wins face-off versus Jeff O'Neill in Bruins zone.
2:51 of 2nd period - Snap shot by Wojtek Wolski.
2:51 of 2nd period - Shot Misses the Net.
2:53 of 2nd period - Wrist shot by Vitali Yachmenev.
2:53 of 2nd period - Stopped by Antti Niemi with a rebound.
3:25 of 2nd period - Snap shot by Michael Ryder.
3:25 of 2nd period - Stopped by Evgeni Nabokov without a rebound.
3:26 of 2nd period - Matt Hendricks wins face-off versus Jeff Carter in Bruins zone.
3:26 of 2nd period - Matt Hendricks is hit by Trevor Daley.
4:03 of 2nd period - Wojtek Wolski is hit by Miroslav Satan and loses puck.
4:16 of 2nd period - Wrist shot by Sydney Crosby.
4:16 of 2nd period - Shot Blocked by Trevor Daley.
4:18 of 2nd period - Slapshot by Sydney Crosby.
4:18 of 2nd period - Stopped by Antti Niemi without a rebound.
4:19 of 2nd period - Sydney Crosby wins face-off versus Scott Hartnell in Flyers zone.
4:20 of 2nd period - Snap shot by Victor Oreskovich.
4:20 of 2nd period - Shot Blocked by Eric Brewer.
4:22 of 2nd period - Snap shot by Scottie Upshall.
4:22 of 2nd period - Shot Misses the Net.
4:24 of 2nd period - Snap shot by Scottie Upshall.
4:24 of 2nd period - Shot Blocked by Martin St. Louis.
4:30 of 2nd period - Snap shot by Sydney Crosby.
4:30 of 2nd period - Stopped by Antti Niemi without a rebound.
4:31 of 2nd period - Eric Lindros wins face-off versus Jeff Carter in Flyers zone.
4:32 of 2nd period - Slapshot by Wojtek Wolski.
4:32 of 2nd period - Stopped by Antti Niemi without a rebound.
4:33 of 2nd period - Jeff Carter wins face-off versus Eric Lindros in Flyers zone.
5:02 of 2nd period - Wrist shot by Victor Oreskovich.
5:02 of 2nd period - Shot Blocked by Miroslav Satan.
5:08 of 2nd period - Snap shot by Sydney Crosby.
5:08 of 2nd period - Shot Misses the Net.
5:10 of 2nd period - Slapshot by Ryan O'Byrne.
5:10 of 2nd period - Stopped by Antti Niemi with a rebound.
5:49 of 2nd period - Backhand shot by Matthew Lombardi.
5:49 of 2nd period - Stopped by Evgeni Nabokov without a rebound.
5:50 of 2nd period - Sydney Crosby wins face-off versus Martin St. Louis in Bruins zone.
6:47 of 2nd period - Slapshot by Matt Cooke.
6:47 of 2nd period - Shot Misses the Net.
7:23 of 2nd period - Slapshot by Ryane Clowe.
7:23 of 2nd period - Shot Misses the Net.
7:25 of 2nd period - Snap shot by Paul Gaustad.
7:25 of 2nd period - Deflect By Miroslav Satan.
7:25 of 2nd period - Shot Misses the Net.
7:25 of 2nd period - Puck is out of play.
7:26 of 2nd period - Paul Gaustad wins face-off versus Blair Betts in Bruins zone.
7:29 of 2nd period - Snap shot by Paul Gaustad.
7:29 of 2nd period - Shot Blocked by Christoph Schubert.
7:47 of 2nd period - Slapshot by Wojtek Wolski.
7:47 of 2nd period - Shot Blocked by Paul Gaustad.
7:49 of 2nd period - Snap shot by Viktor Stalberg.
7:49 of 2nd period - Shot Misses the Net.
7:51 of 2nd period - Slapshot by Mark Stuart.
7:51 of 2nd period - Stopped by Antti Niemi without a rebound.
7:52 of 2nd period - Sydney Crosby wins face-off versus Jeff Carter in Flyers zone.
8:03 of 2nd period - Slapshot by Victor Oreskovich.
8:03 of 2nd period - Shot Misses the Net.
8:05 of 2nd period - Wrist shot by Mark Stuart.
8:05 of 2nd period - Deflect By Scottie Upshall.
8:05 of 2nd period - Shot Misses the Net.
8:05 of 2nd period - Puck is out of play.
8:06 of 2nd period - Jeff Carter wins face-off versus Eric Lindros in Flyers zone.
8:25 of 2nd period - Jeff Carter is hit by Eric Lindros and loses puck.
8:55 of 2nd period - Ryan O'Byrne is hit by Jonathan Ericsson and loses puck.
9:12 of 2nd period - Slapshot by Sydney Crosby.
9:12 of 2nd period - Shot Misses the Net.
9:56 of 2nd period - Wrist shot by Matt Cooke.
9:56 of 2nd period - Shot Misses the Net.
9:58 of 2nd period - Snap shot by Viktor Stalberg.
9:58 of 2nd period - Stopped by Antti Niemi with a rebound.
10:00 of 2nd period - Snap shot by Viktor Stalberg.
10:00 of 2nd period - Stopped by Antti Niemi with a rebound.
10:40 of 2nd period - Slapshot by Eric Brewer.
10:40 of 2nd period - Shot Misses the Net.
10:42 of 2nd period - Wrist shot by Martin St. Louis.
10:42 of 2nd period - Stopped by Evgeni Nabokov without a rebound.
10:43 of 2nd period - Jeff Carter wins face-off versus Matt Hendricks in Bruins zone.
10:58 of 2nd period - Snap shot by Martin St. Louis.
10:58 of 2nd period - Shot Blocked by Matt Cooke.
11:17 of 2nd period - Icing by Paul Gaustad.
11:18 of 2nd period - Paul Gaustad wins face-off versus Eric Lindros in Flyers zone.
11:29 of 2nd period - Wrist shot by Ryane Clowe.
11:29 of 2nd period - Shot Hit the Post.
13:45 of 2nd period - Eric Lindros is hit by Pascal Dupuis and loses puck.
14:10 of 2nd period - Wrist shot by Wojtek Wolski.
14:10 of 2nd period - Shot Misses the Net.
14:20 of 2nd period - Wrist shot by Jeff O'Neill.
14:20 of 2nd period - Shot Blocked by Andrei Markov.
14:24 of 2nd period - Wrist shot by Jeff Carter.
14:24 of 2nd period - Stopped by Evgeni Nabokov with a rebound.
14:30 of 2nd period - Snap shot by Martin St. Louis.
14:30 of 2nd period - Shot Blocked by Andrei Markov.
14:32 of 2nd period - Snap shot by Martin St. Louis.
14:32 of 2nd period - Stopped by Evgeni Nabokov without a rebound.
14:33 of 2nd period - Matt Hendricks wins face-off versus Paul Gaustad in Bruins zone.
14:42 of 2nd period - Wrist shot by Matt Cooke.
14:42 of 2nd period - Shot Misses the Net.
15:30 of 2nd period - Wrist shot by Paul Gaustad.
15:30 of 2nd period - Shot Blocked by Eric Lindros.
15:32 of 2nd period - Slapshot by Jonathan Ericsson.
15:32 of 2nd period - Stopped by Evgeni Nabokov with a rebound.
15:34 of 2nd period - Wrist shot by Ryane Clowe.
15:34 of 2nd period - Shot Misses the Net.
15:36 of 2nd period - Wrist shot by Ryane Clowe.
15:36 of 2nd period - Shot Blocked by Andrei Markov.
15:38 of 2nd period - Slapshot by Jonathan Ericsson.
15:38 of 2nd period - Stopped by Evgeni Nabokov without a rebound.
15:39 of 2nd period - Jeff Carter wins face-off versus Sydney Crosby in Bruins zone.
15:46 of 2nd period - Snap shot by Jeff Carter.
15:46 of 2nd period - Stopped by Evgeni Nabokov without a rebound.
15:47 of 2nd period - Victor Oreskovich wins face-off versus Jeff Carter in Bruins zone.
17:36 of 2nd period - Snap shot by Matt Hendricks.
17:36 of 2nd period - Shot Misses the Net.
17:38 of 2nd period - Wrist shot by Mark Stuart.
17:38 of 2nd period - Shot Blocked by Trevor Daley.
18:12 of 2nd period - Mark Stuart is hit by Petr Schastlivy and loses puck.
18:37 of 2nd period - Snap shot by Ryane Clowe.
18:37 of 2nd period - Shot Misses the Net.
18:39 of 2nd period - Slapshot by Eric Brewer.
18:39 of 2nd period - Stopped by Evgeni Nabokov with a rebound.
18:55 of 2nd period - Snap shot by Sydney Crosby.
18:55 of 2nd period - Shot Blocked by Trevor Daley.
18:57 of 2nd period - Slapshot by Ryan O'Byrne.
18:57 of 2nd period - Goal by Ryan O'Byrne - Flyers : 0 - Bruins : 1.
18:58 of 2nd period - Sydney Crosby wins face-off versus Jeff Carter in neutral zone.
19:06 of 2nd period - Icing by Jeff Carter.
19:07 of 2nd period - Sydney Crosby wins face-off versus Jeff Carter in Flyers zone.
19:32 of 2nd period - Slapshot by Scottie Upshall.
19:32 of 2nd period - Shot Blocked by Stephane Robidas.
19:57 of 2nd period - Snap shot by Scott Hartnell.
19:57 of 2nd period - Shot Blocked by Sydney Crosby.
Goals for this period are 0 for Flyers vs 1 for Bruins.
Shots for this period are 10 for Flyers vs 13 for Bruins.
3rd period
0:01 of 3rd period - Jeff Carter wins face-off versus Eric Lindros in neutral zone.
0:48 of 3rd period - Stephane Robidas is hit by Dainius Zubrus and loses puck.
1:09 of 3rd period - Slapshot by Trevor Daley.
1:09 of 3rd period - Shot Misses the Net.
1:11 of 3rd period - Snap shot by Petr Schastlivy.
1:11 of 3rd period - Stopped by Evgeni Nabokov without a rebound.
1:12 of 3rd period - Eric Lindros wins face-off versus Matthew Lombardi in Bruins zone.
1:31 of 3rd period - Snap shot by Wojtek Wolski.
1:31 of 3rd period - Stopped by Antti Niemi with a rebound.
1:49 of 3rd period - Snap shot by Eric Lindros.
1:49 of 3rd period - Deflect By Martin St. Louis.
1:49 of 3rd period - Stopped by Antti Niemi without a rebound.
1:50 of 3rd period - Paul Gaustad wins face-off versus Sydney Crosby in Flyers zone.
1:55 of 3rd period - Miroslav Satan is hit by Victor Oreskovich and loses puck.
2:26 of 3rd period - Backhand shot by Jeff Carter.
2:26 of 3rd period - Stopped by Evgeni Nabokov without a rebound.
2:27 of 3rd period - Eric Lindros wins face-off versus Jeff O'Neill in Bruins zone.
2:40 of 3rd period - Slapshot by Eric Lindros.
2:40 of 3rd period - Deflect By Wojtek Wolski.
2:40 of 3rd period - Stopped by Antti Niemi without a rebound.
2:41 of 3rd period - Eric Lindros wins face-off versus Scott Hartnell in Flyers zone.
2:42 of 3rd period - Slapshot by Wojtek Wolski.
2:42 of 3rd period - Goal by Wojtek Wolski - Flyers : 0 - Bruins : 2.
2:43 of 3rd period - Eric Lindros wins face-off versus Martin St. Louis in neutral zone.
2:46 of 3rd period - Scott Hartnell is hit by Wojtek Wolski and loses puck.
3:09 of 3rd period - Eric Brewer is hit by Scottie Upshall and loses puck.
3:15 of 3rd period - Off-side.
3:16 of 3rd period - Eric Lindros wins face-off versus Paul Gaustad in neutral zone.
3:29 of 3rd period - Stephane Robidas is hit by Jason Demers and loses puck.
4:34 of 3rd period - Petr Schastlivy is hit by Andrew Alberts.
4:50 of 3rd period - Ladislav Smid is hit by Andrew Alberts and loses puck.
5:14 of 3rd period - Snap shot by Martin St. Louis.
5:14 of 3rd period - Stopped by Evgeni Nabokov without a rebound.
5:15 of 3rd period - Paul Gaustad wins face-off versus Matt Hendricks in Bruins zone.
5:16 of 3rd period - Slapshot by Miroslav Satan.
5:16 of 3rd period - Stopped by Evgeni Nabokov without a rebound.
5:17 of 3rd period - Matt Hendricks wins face-off versus Paul Gaustad in Bruins zone.
6:08 of 3rd period - Snap shot by Victor Oreskovich.
6:08 of 3rd period - Stopped by Antti Niemi without a rebound.
6:09 of 3rd period - Jeff Carter wins face-off versus Victor Oreskovich in Flyers zone.
6:19 of 3rd period - Slapshot by Jeff Carter.
6:19 of 3rd period - Shot Misses the Net.
6:21 of 3rd period - Wrist shot by Scott Hartnell.
6:21 of 3rd period - Stopped by Evgeni Nabokov without a rebound.
6:22 of 3rd period - Eric Lindros wins face-off versus Jeff Carter in Bruins zone.
6:37 of 3rd period - Snap shot by Wojtek Wolski.
6:37 of 3rd period - Shot Misses the Net.
7:14 of 3rd period - Scottie Upshall is hit by Petr Schastlivy and loses puck.
8:11 of 3rd period - Snap shot by Scottie Upshall.
8:11 of 3rd period - Shot Misses the Net.
8:39 of 3rd period - Slapshot by Victor Oreskovich.
8:39 of 3rd period - Shot Misses the Net.
8:41 of 3rd period - Snap shot by Sydney Crosby.
8:41 of 3rd period - Stopped by Antti Niemi with a rebound.
8:51 of 3rd period - Scottie Upshall is hit by Ladislav Smid and loses puck.
9:00 of 3rd period - Wrist shot by Scottie Upshall.
9:00 of 3rd period - Shot Blocked by Ladislav Smid.
9:02 of 3rd period - Slapshot by Andrei Markov.
9:02 of 3rd period - Stopped by Antti Niemi without a rebound.
9:03 of 3rd period - Jeff Carter wins face-off versus Eric Lindros in Flyers zone.
9:08 of 3rd period - Wojtek Wolski is hit by Stephane Robidas and loses puck.
9:19 of 3rd period - Slapshot by Eric Lindros.
9:19 of 3rd period - Shot Misses the Net.
9:37 of 3rd period - Wrist shot by Paul Gaustad.
9:37 of 3rd period - Deflect By Ryane Clowe.
9:37 of 3rd period - Goal by Ryane Clowe - Flyers : 1 - Bruins : 2.
9:38 of 3rd period - Eric Lindros wins face-off versus Jeff Carter in neutral zone.
9:44 of 3rd period - Icing by Stephane Robidas.
9:45 of 3rd period - Jeff Carter wins face-off versus Eric Lindros in Flyers zone.
10:03 of 3rd period - Icing by Stephane Robidas.
10:04 of 3rd period - Jeff Carter wins face-off versus Matt Hendricks in Flyers zone.
10:08 of 3rd period - Icing by Stephane Robidas.
10:09 of 3rd period - Jeff Carter wins face-off versus Matt Hendricks in Flyers zone.
10:09 of 3rd period - Jeff Carter is hit by Matt Cooke.
10:18 of 3rd period - Stephane Robidas is hit by Andrew Alberts and loses puck.
10:21 of 3rd period - Snap shot by Jeff Carter.
10:21 of 3rd period - Shot Misses the Net.
10:23 of 3rd period - Snap shot by Martin St. Louis.
10:23 of 3rd period - Stopped by Evgeni Nabokov without a rebound.
10:24 of 3rd period - Eric Lindros wins face-off versus Paul Gaustad in Bruins zone.
10:51 of 3rd period - Victor Oreskovich is hit by Eric Brewer and loses puck.
11:39 of 3rd period - Wrist shot by Wojtek Wolski.
11:39 of 3rd period - Shot Blocked by Matthew Lombardi.
11:51 of 3rd period - Tom Gilbert is hit by Paul Gaustad and loses puck.
12:18 of 3rd period - Minor Penalty to Jeff Carter for Slashing.
12:19 of 3rd period - Matthew Lombardi wins face-off versus Eric Lindros in Flyers zone.
12:53 of 3rd period - Snap shot by Mark Stuart.
12:53 of 3rd period - Stopped by Antti Niemi with a rebound.
13:47 of 3rd period - Jeff O'Neill is hit by Andrew Alberts and loses puck.
14:09 of 3rd period - Icing by Eric Lindros.
14:10 of 3rd period - Paul Gaustad wins face-off versus Eric Lindros in Bruins zone.
14:18 of 3rd period - Penalty to Jeff Carter is over, Jeff Carter is back on ice.
14:34 of 3rd period - Snap shot by Paul Gaustad.
14:34 of 3rd period - Shot Misses the Net.
14:50 of 3rd period - Backhand shot by Eric Lindros.
14:50 of 3rd period - Shot Misses the Net.
14:52 of 3rd period - Slapshot by Wojtek Wolski.
14:52 of 3rd period - Stopped by Antti Niemi with a rebound.
14:54 of 3rd period - Slapshot by Andrei Markov.
14:54 of 3rd period - Deflect By Wojtek Wolski.
14:54 of 3rd period - Stopped by Antti Niemi without a rebound.
14:55 of 3rd period - Sydney Crosby wins face-off versus Matthew Lombardi in Flyers zone.
15:00 of 3rd period - Snap shot by Scottie Upshall.
15:00 of 3rd period - Deflect By Matthew Lombardi.
15:00 of 3rd period - Shot Misses the Net.
15:00 of 3rd period - Puck is out of play.
15:01 of 3rd period - Matthew Lombardi wins face-off versus Sydney Crosby in Flyers zone.
15:01 of 3rd period - Matthew Lombardi is hit by Ryan O'Byrne.
15:33 of 3rd period - Dainius Zubrus is hit by Jeff Carter and loses puck.
15:53 of 3rd period - Wrist shot by Ryane Clowe.
15:53 of 3rd period - Stopped by Evgeni Nabokov without a rebound.
15:54 of 3rd period - Eric Lindros wins face-off versus Paul Gaustad in Bruins zone.
15:54 of 3rd period - Eric Lindros is hit by Eric Brewer.
16:12 of 3rd period - Minor Penalty to Vitali Yachmenev for Interference.
16:13 of 3rd period - Jeff Carter wins face-off versus Wojtek Wolski in Bruins zone.
16:13 of 3rd period - Snap shot by Scott Hartnell.
16:13 of 3rd period - Deflect By Martin St. Louis.
16:13 of 3rd period - Shot Blocked by Ryan O'Byrne.
16:13 of 3rd period - Puck is out of play.
16:14 of 3rd period - Wojtek Wolski wins face-off versus Jeff Carter in Bruins zone.
16:23 of 3rd period - Slapshot by Jonathan Ericsson.
16:23 of 3rd period - Deflect By Jeff Carter.
16:23 of 3rd period - Stopped by Evgeni Nabokov with a rebound.
16:25 of 3rd period - Slapshot by Stephane Robidas.
16:25 of 3rd period - Deflect By Wojtek Wolski.
16:25 of 3rd period - Stopped by Evgeni Nabokov with a rebound.
16:46 of 3rd period - Slapshot by Stephane Robidas.
16:46 of 3rd period - Goal by Stephane Robidas - Flyers : 2 - Bruins : 2.
16:47 of 3rd period - Jeff O'Neill wins face-off versus Eric Lindros in neutral zone.
16:56 of 3rd period - Slapshot by Marcel Hossa.
16:56 of 3rd period - Shot Misses the Net.
16:58 of 3rd period - Wrist shot by Jeff O'Neill.
16:58 of 3rd period - Shot Blocked by Eric Lindros.
17:00 of 3rd period - Wrist shot by Ladislav Smid.
17:00 of 3rd period - Deflect By Ryan O'Byrne.
17:00 of 3rd period - Stopped by Evgeni Nabokov without a rebound.
17:01 of 3rd period - Jeff Carter wins face-off versus Eric Lindros in Bruins zone.
17:26 of 3rd period - Eric Lindros is hit by Paul Gaustad and loses puck.
17:35 of 3rd period - Wrist shot by Eric Lindros.
17:35 of 3rd period - Shot Misses the Net.
18:09 of 3rd period - Wrist shot by Miroslav Satan.
18:09 of 3rd period - Shot Misses the Net.
18:27 of 3rd period - Icing by Jonathan Ericsson.
18:28 of 3rd period - Sydney Crosby wins face-off versus Paul Gaustad in Flyers zone.
18:39 of 3rd period - Wrist shot by Scottie Upshall.
18:39 of 3rd period - Shot Misses the Net.
18:41 of 3rd period - Snap shot by Sydney Crosby.
18:41 of 3rd period - Deflect By Scottie Upshall.
18:41 of 3rd period - Stopped by Antti Niemi without a rebound.
18:42 of 3rd period - Sydney Crosby wins face-off versus Jeff O'Neill in Flyers zone.
18:47 of 3rd period - Snap shot by Sydney Crosby.
18:47 of 3rd period - Shot Blocked by Stephane Robidas.
19:07 of 3rd period - Martin St. Louis is hit by Ryan O'Byrne and loses puck.
Goals for this period are 2 for Flyers vs 1 for Bruins.
Shots for this period are 12 for Flyers vs 11 for Bruins.
Overtime #1
0:01 of 1st overtime period - Martin St. Louis wins face-off versus Wojtek Wolski in neutral zone.
0:12 of 1st overtime period - Snap shot by Martin St. Louis.
0:12 of 1st overtime period - Stopped by Evgeni Nabokov with a rebound.
1:08 of 1st overtime period - Eric Lindros is hit by Martin St. Louis and loses puck.
1:19 of 1st overtime period - Mark Stuart is hit by Jeff O'Neill and loses puck.
2:13 of 1st overtime period - Eric Brewer is hit by Scottie Upshall and loses puck.
2:20 of 1st overtime period - Marcel Hossa is hit by Scottie Upshall and loses puck.
2:54 of 1st overtime period - Icing by Trevor Daley.
2:55 of 1st overtime period - Wojtek Wolski wins face-off versus Matthew Lombardi in Flyers zone.
3:10 of 1st overtime period - Martin St. Louis is hit by Ryan O'Byrne.
3:30 of 1st overtime period - Paul Gaustad is hit by Ryan O'Byrne and loses puck.
Goals for this period are 0 for Flyers vs 0 for Bruins.
Shots for this period are 1 for Flyers vs 0 for Bruins.
ShootOut
5:00 of 1st overtime period - Penalty Shot by Jeff Carter for Flyers.
5:00 of 1st overtime period - Deke by Jeff Carter.
5:00 of 1st overtime period - Stopped by Evgeni Nabokov.
5:00 of 1st overtime period - Penalty Shot by Wojtek Wolski for Bruins.
5:00 of 1st overtime period - Snap shot by Wojtek Wolski.
5:00 of 1st overtime period - Goal by Wojtek Wolski.
5:00 of 1st overtime period - Penalty Shot by Martin St. Louis for Flyers.
5:00 of 1st overtime period - Backhand shot by Martin St. Louis.
5:00 of 1st overtime period - Shot Misses the Net.
5:00 of 1st overtime period - Penalty Shot by Eric Lindros for Bruins.
5:00 of 1st overtime period - Snap shot by Eric Lindros.
5:00 of 1st overtime period - Shot Misses the Net.
5:00 of 1st overtime period - Penalty Shot by Jeff O'Neill for Flyers.
5:00 of 1st overtime period - Wrist shot by Jeff O'Neill.
5:00 of 1st overtime period - Stopped by Evgeni Nabokov.
Output by the SimonT Hockey Simulator (STHS) for François Prévost -- Original Page W3C XHTML 1.0 Valid